 Dungeon Crawl Stone Soup version 0.26.0-45-g9c1d065592 (webtiles) character file.

Game seed: 8806097373514515238

6031 growler the Zephyrmancer (level 10, -7/58 HPs)
             Began as a Tengu Air Elementalist on Jan 27, 2021.
             Was a Priest of Vehumet.
             Mangled by a troll (9 damage)
             ... on level 9 of the Dungeon.
             The game lasted 00:24:21 (13137 turns).

growler the Zephyrmancer (Tengu Air Elementalist)  Turns: 13137, Time: 00:24:21

Health: -7/58      AC:  5    Str:  9    XL:     10   Next: 86%
Magic:  18/21      EV: 18    Int: 23    God:    Vehumet [***...]
Gold:   98         SH:  5    Dex: 14    Spells: 7/22 levels left

rFire    . . .     SeeInvis .   A - staff of air
rCold    . . .     Faith    .   y - +0 buckler
rNeg     + . .     Spirit   .   s - +0 robe "Put-Me-On" {*Contam rElec rPois Int+4}
rPois    +         Reflect  .   (helmet restricted)
rElec    +         Harm     .   C - +1 cloak
rCorr    .         Rampage  .   E - +0 pair of gloves
Will     +++..     Clarity  +   (boots unavailable)
Stlth    ++........             F - amulet of the Four Winds {rN+ Will+++ Clar}
HPRegen  0.19/turn              (no ring)
MPRegen  0.17/turn              (no ring)

@: flying quickly and evasively, quick
A: beak, talons 3, able to fly
a: Stop Flying, Renounce Religion


You were on level 9 of the Dungeon.
You worshipped Vehumet.
Vehumet was most pleased with you.
You visited 1 branch of the dungeon, and saw 9 of its levels.

You collected 580 gold pieces.
You spent 482 gold pieces at shops.

Inventory:

Hand Weapons
 c - a +0 dagger
   (You found it on level 1 of the Dungeon)
 t - a +1 dagger of venom
   (You took it off a goblin on level 1 of the Dungeon)
Missiles
 D - a throwing net {!f}
Armour
 r - a scarf of resistance
   (You found it on level 3 of the Dungeon)
 s - the +0 robe "Put-Me-On" (worn) {*Contam rElec rPois Int+4}
   (You found it on level 4 of the Dungeon)

   It affects your intelligence (+4).
   It insulates you from electricity.
   It protects you from poison.
   It causes magical contamination when unequipped.
 y - a +0 buckler (worn)
   (You found it on level 7 of the Dungeon)
 C - a +1 cloak (worn)
   (You found it on level 8 of the Dungeon)
 E - a +0 pair of gloves (worn)
   (You found it on level 8 of the Dungeon)
Magical Staves
 A - an uncursed staff of air (weapon)
   (You found it on level 7 of the Dungeon)
Jewellery
 e - an uncursed ring of poison resistance {unknown}
   (You found it on level 9 of the Dungeon)
 F - the amulet of the Four Winds (around neck) {rN+ Will+++ Clar}
   (You bought it in a shop on level 7 of the Dungeon)

   [amulet of nothing]

   It protects you from negative energy.
   It affects your willpower, your defense against some magical effects.
   It protects you against confusion.
Wands
 d - a wand of iceblast (9)
   (You found it on level 5 of the Dungeon)
 v - a wand of digging (9)
   (You took it off Ijyb on level 3 of the Dungeon)
 x - a wand of polymorph (7)
   (You found it on level 7 of the Dungeon)
Scrolls
 a - a scroll of immolation {!r}
 b - a scroll of amnesia {unknown}
 f - 6 scrolls of teleportation {@r4}
 g - a scroll of magic mapping
 k - 3 scrolls of fear
 l - 6 scrolls of remove curse {@r2}
 z - a scroll of noise {unknown}
Potions
 h - 6 potions of curing {unknown}
 j - 2 potions of ambrosia
 m - 2 potions of heal wounds {unknown}
 n - 3 potions of flight {unknown}
 o - 4 potions of brilliance
 p - 2 potions of might {unknown}
 q - a potion of mutation {!q}
 u - a potion of lignification {!q}
 w - 2 potions of cancellation
 B - a potion of attraction {!q}


   Skills:
 + Level 4.9 Fighting
 + Level 6.0 Dodging
 - Level 2.0 Stealth
 - Level 4.0 Shields
 + Level 6.9 Spellcasting
 - Level 7.0 Conjurations
 + Level 13.4 Air Magic


You had 7 spell levels left.
You knew the following spells:

 Your Spells              Type           Power        Failure   Level
a - Shock                 Conj/Air       100%         1%          1
b - Airstrike             Air            40%          1%          4
c - Lightning Bolt        Conj/Air       35%          1%          5
d - Static Discharge      Conj/Air       70%          1%          3
s - Swiftness             Air            81%          1%          2

Your spell library contained the following spells:

 Spells                   Type           Power        Failure   Level
 Olgreb's Toxic Radiance  Pois           7%           21%         4
 Poisonous Vapours        Pois/Air       100%         1%          2
 Conjure Flame            Conj/Fire      24%          1%          3
 Dazzling Flash           Conj/Hex       48%          1%          3
 Mephitic Cloud           Conj/Pois/Air  56%          1%          3
 Corona                   Hex            7%           8%          1
 Ensorcelled Hibernation  Hex/Ice        14%          12%         2
 Freezing Cloud           Conj/Ice/Air   28%          19%         6
 Confusing Touch          Hex            7%           24%         3
 Tukima's Dance           Hex            7%           24%         3


Dungeon Overview and Level Annotations

Branches:
Dungeon (9/15)             Temple (0/1) D:5
   Lair: D:8-11         Orc: D:9-12

Altars:
Cheibriados
Dithmenos
Fedhas
Qazlal
Vehumet
Wu Jian
The Shining One

Shops:
D:7 =

Annotations:
D:7 2 transporters, thiole's ghost, novice OpWz


Innate Abilities, Weirdness & Mutations

You have a beak for a mouth.
You have claws for feet.
You can fly continuously.


Message History

You feel a surge of power!
The worker ant is struck by an arc of lightning.
The lightning grounds out.
The worker ant misses you.
You feel a surge of power!
The worker ant is struck by an arc of lightning!
You kill the worker ant!
Vehumet accepts your kill.
You feel your power returning. You resist.
You are struck by an arc of lightning.
A killer bee is nearby!
Aim: a killer bee (water, wandering, hasn't noticed you)
You feel a surge of power!
The air twists around and violently strikes the killer bee!!
You kill the killer bee!
Vehumet accepts your kill.
You feel your power returning.
Found 6 gold pieces.
A troll comes into view.
Things that are here:
a +0 troll leather armour; a troll corpse A troll comes into view.
The troll shouts!
Found a whip.
A troll comes into view.
The troll shouts!
You hear a bellow!
The troll shouts!
The yak bellows!
You hit the troll.
The troll is electrocuted.
Your kick misses the troll. You peck the troll, but do no damage.
You hear a bellow!
The troll closely misses you. The troll claws you. The troll claws you!
You block the troll's attack. The troll closely misses you.
The troll claws you.
You feel a surge of power!
The troll is struck by an arc of lightning!
The troll is struck by an arc of lightning.
The lightning grounds out.
The troll is struck by an arc of lightning. x2
The troll is struck by an arc of lightning!
The lightning grounds out.
The troll is struck by an arc of lightning!!
The lightning grounds out.
The troll bites you!!
* * * LOW HITPOINT WARNING * * *
The troll closely misses you. The troll claws you!
* * * LOW HITPOINT WARNING * * *
You block the troll's attack. The troll closely misses you. x2
The troll barely misses you. The troll claws you!
* * * LOW HITPOINT WARNING * * *
The troll misses you.
The troll barely misses you. x3; The troll bites you!
You die...

..............
.............
.....)...... ....
..Y........ ≈≈≈≈≈≈≈
≈≈.≈≈≈≈≈
≈≈≈≈≈≈≈≈#####≈.≈≈≈
≈≈≈≈≈≈≈≈≈#...#≈Y≈#####
≈≈≈≈≈≈≈≈≈#)..TTTTT..$#
≈≈≈≈≈≈≈≈≈#####≈@≈#...#
≈≈≈≈≈≈≈≈≈≈≈≈≈≈≈[≈#####≈
#..≈≈≈≈≈≈≈≈≈≈≈.≈≈≈≈≈≈≈
#.....................
#.....................
#..................... #
#...........).........
.##...#######).####.#..#
....#'#######[## .....


You could see 2 yaks and 5 trolls.

Vanquished Creatures
  2 deep trolls (D:9)
  An oklob plant (D:6)
  A cyclops (D:9)
  3 trolls (D:9)
  A yak (D:9)
  A steam dragon (D:8)
  2 orc warriors
  A phantom (D:5)
  2 centaurs
  3 ogres
  A big kobold (D:9)
  6 bullfrogs
  A gnoll sergeant (D:9)
  A scorpion (D:7)
  4 killer bees (D:9)
  4 wights (D:9)
  6 electric eels (D:9)
  5 howler monkeys
  A centaur zombie (D:8)
  8 hounds
  5 orc priests
  2 bullfrog skeletons
  4 orc wizards
  A gnoll shaman (D:9)
  Ijyb (D:3)
  5 iguanas
  9 worker ants
  2 hound skeletons
  9 adders
  8 gnolls (D:9)
  3 shadow imps
  3 white imps
  An ufetubus (D:4)
  An ooze (D:2)
  2 adder skeletons
  3 worms
  2 dart slugs
  2 leopard geckos
  19 orcs
  6 bats
  8 giant cockroaches
  18 goblins
  8 hobgoblins
  8 jackals
  11 kobolds
  6 quokkas
  2 ball pythons (D:3)
  6 frilled lizards
  A jackal skeleton (D:4)
  8 rats
218 creatures vanquished.

Vanquished Creatures (others)
  7 plants
7 creatures vanquished.

Grand Total: 225 creatures vanquished

Notes
Turn   | Place    | Note
-------+----------+-------------------------------------------
     0 | D:1      | growler the Tengu Air Elementalist began the quest for the
                  | Orb.
     0 | D:1      | Reached XP level 1. HP: 10/10 MP: 4/4
   144 | D:1      | Reached XP level 2. HP: 15/15 MP: 4/6
   426 | D:1      | Reached XP level 3. HP: 14/19 MP: 4/7
  1073 | D:1      | Learned a level 2 spell: Swiftness
  1077 | D:1      | Learned a level 3 spell: Static Discharge
  1289 | D:2      | Reached XP level 4. HP: 24/24 MP: 3/9
  1405 | D:2      | Found a snail-covered altar of Cheibriados.
  1405 | D:2      | Found a radiant altar of Vehumet.
  1489 | D:2      | Became a worshipper of Vehumet
  1539 | D:2      | Reached skill level 5 in Air Magic
  2534 | D:3      | Noticed Ijyb
  2555 | D:3      | Killed Ijyb
  2556 | D:3      | Gained mutation: You can fly continuously. [Tengu growth]
  2556 | D:3      | Reached XP level 5. HP: 20/28 MP: 0/10
  2843 | D:3      | Reached * piety under Vehumet
  2843 | D:3      | Offered knowledge of Magic Dart by Vehumet.
  3070 | D:3      | Found an ornate altar of the Wu Jian Council.
  3257 | D:4      | Got a thick robe
  3268 | D:4      | Identified the cursed +0 robe "Put-Me-On" {*Contam rElec
                  | rPois Int+4} (You found it on level 4 of the Dungeon)
  3394 | D:4      | Learned a level 4 spell: Airstrike
  3397 | D:4      | Reached skill level 6 in Air Magic
  3397 | D:4      | Reached XP level 6. HP: 32/32 MP: 4/12
  4136 | D:4      | Found a glowing golden altar of the Shining One.
  4182 | D:4      | Reached skill level 5 in Conjurations
  4482 | D:4      | Offered knowledge of Foxfire by Vehumet.
  4483 | D:4      | Reached XP level 7. HP: 14/36 MP: 7/14
  4840 | D:4      | Reached ** piety under Vehumet
  5064 | D:5      | Entered Level 5 of the Dungeon
  5242 | D:5      | Found a staircase to the Ecumenical Temple.
  5428 | D:5      | Reached skill level 7 in Air Magic
  6156 | D:6      | Learned a level 5 spell: Lightning Bolt
  6403 | D:6      | Reached skill level 5 in Spellcasting
  6403 | D:6      | Reached XP level 8. HP: 41/41 MP: 7/16
  6545 | D:6      | Reached skill level 8 in Air Magic
  6590 | D:6      | Found a radiant altar of Vehumet.
  6591 | D:6      | Noticed an oklob plant
  7092 | D:6      | Found a stormy altar of Qazlal.
  7141 | D:6      | Found a blossoming altar of Fedhas.
  7780 | D:6      | Killed an oklob plant
  7781 | D:6      | Reached skill level 10 in Air Magic
  8084 | D:7      | Found a transporter.
  8111 | D:7      | Found Cyuckua's Jewellery Boutique.
  8248 | D:7      | Reached skill level 1 in Shields
  8484 | D:7      | Reached XP level 9. HP: 45/45 MP: 12/17
  8487 | D:7      | Reached skill level 11 in Air Magic
  9026 | D:7      | Noticed thiole's ghost (novice OpWz)
  9033 | D:7      | Found a transporter.
  9036 | D:7      | Identified the ring of Doubts {rC+ Will+ Int+3 Stlth-}
  9036 | D:7      | Identified the +9 trident of Dividends {venom, MP-9 Dex+2
                  | SInv}
  9527 | D:8      | Got a warped plate armour
  9534 | D:8      | Offered knowledge of Inner Flame by Vehumet.
  9550 | D:8      | Reached skill level 12 in Air Magic
  9706 | D:8      | Reached skill level 1 in Fighting
  9968 | D:8      | Found a shadowy altar of Dithmenos.
 11257 | D:7      | Bought the amulet of the Four Winds {rN+ Will+++ Clar} for
                  | 482 gold pieces
 11257 | D:7      | Found the amulet of the Four Winds {rN+ Will+++ Clar}
 11682 | D:9      | Reached *** piety under Vehumet
 11914 | D:9      | Noticed a cyclops
 11918 | D:9      | Reached XP level 10. HP: 23/54 MP: 3/19
 11920 | D:9      | Killed a cyclops
 12149 | D:9      | Offered knowledge of Olgreb's Toxic Radiance by Vehumet.
 12430 | D:9      | Reached skill level 5 in Dodging
 12431 | D:9      | Noticed a deep troll
 12585 | D:9      | Killed a deep troll
 12586 | D:9      | Reached skill level 13 in Air Magic
 12702 | D:9      | Noticed a deep troll
 12708 | D:9      | Killed a deep troll
 13136 | D:9      | HP: 1/58 [troll (9)]
 13137 | D:9      | Mangled by a troll

Illustrated notes

Levels and vault maps discovered:
D:1:      dpeg_arrival_tiny_c, layout_basic, minmay_pentomino_o4
D:2:      layout_basic, gammafunk_temple_overflow_wave
D:3:      layout_loops_corners, pdpol_wu_jian_five_deadly_venoms,
          chequers_serial_rivers_micro_b, uniq_ijyb
D:4:      layout_cave_pods, kennysheep_mini_moat, patterned_corridor
D:5:      minmay_spotlight, layout_basic, minmay_temple_entry_ruins,
          dk_noncrumbling_3
D:6:      layout_basic, grunt_temple_overflow_forces_of_nature,
          lemuel_oklob_altar
D:7:      layout_basic, gammafunk_ghost_gnarly_gnolls, serial_shops,
          nicolae_shop_statue_plus
D:8:      layout_layer_cave, amcnicky_altar_gilded
D:9:      lemuel_troll_bridge, layout_stronghold, lightli_minifort

Skill      XL: |  1  2  3  4  5  6  7  8  9 10 |
---------------+-------------------------------+-----
Conjurations   | 2 3 4 5 6 7 |  7.0
Air Magic      | 5 6 7 10 12 13 | 13.4
Spellcasting   | 3 4 5 6 |  6.9
Shields        | 2 4 |  4.0
Fighting       | 2 4 |  4.9
Dodging        | 4 6 |  6.0
Stealth        | |  2.0

Action                   |  1- 3 |  4- 6 |  7- 9 | 10-12 || total
-------------------------+-------+-------+-------+-------++-------
Melee: Unarmed           |     2 |       |       |       ||     2
       Dagger            |    38 |    77 |    48 |       ||   163
       Peck              |     4 |    10 |     7 |     2 ||    23
       Kick              |     4 |    14 |     9 |     5 ||    32
       Staff             |       |       |     5 |    23 ||    28
 Cast: Shock             |    50 |    82 |     4 |    15 ||   151
       Static Discharge  |     1 |     8 |    17 |    16 ||    42
       Airstrike         |       |     3 |    92 |    21 ||   116
       Lightning Bolt    |       |       |     9 |     3 ||    12
 Abil: Fly               |       |     1 |       |       ||     1
Evoke: Wand              |       |       |       |     2 ||     2
  Use: Scroll            |       |       |    13 |       ||    13
 Stab: Sleeping          |       |     2 |     4 |       ||     6
Armor: Robe              |     7 |     5 |     3 |     3 ||    18
Dodge: Dodged            |    25 |    46 |    53 |    57 ||   181
Block: Buckler           |       |       |     3 |    15 ||    18
